Cogmind - Beta 15 @@@ ROGUE MODE // 2025.07.12 @ 18:25:00 Player: Cracklepappy Result: Self-destructed Performance ------------- Evolutions (3) 1500 Regions Visited (13) 2600 Robots Destroyed (316) 1580 Value Destroyed (8935) 8935 Prototype IDs (41) 820 Alien Tech Used (0) 0 Bonus (3380) 3380 TOTAL SCORE: 18815 Bonus ------- High Alert Combat Kills 1046 Follower Combat Kills 215 Entered Garrisons 400 Used RIF Installer 1500 Aligned with FarCom 300 Friendly Fire -81 Cogmind --------- Core Integrity 320/700 Matter 217/300 Energy 100/100 System Corruption 7% Temperature Cool (18) Movement Core (100) Ox1 Location -7/Factory Parts ------- > --- POWER (1) -------- (None) > --- PROPULSION (5) --- (None) > --- UTILITY (3) ------ Experimental Core Analyzer Advanced Hacking Suite Relay Coupler [NC] (22) > --- WEAPON (4) ------- Greatsword > --- INVENTORY (5) ---- Large Matter Pod (136) PSU Rigger Autogun Mini Assault Cannon Remote Datajack Peak State ------------ > --- POWER ------------ Light Fission Core > --- PROPULSION ------- Improved VTOL Module Improved VTOL Module Improved VTOL Module Improved VTOL Module Improved VTOL Module > --- UTILITY ---------- Huge Storage Unit Experimental Targeting Computer Cloak of Protection > --- WEAPON ----------- Heavy Assault Rifle Flak Gun Flak Gun Flak Gun > --- INVENTORY -------- Improved Deuterium Engine Light Treads Light Treads Improved VTOL Module Enhanced Optical Array Experimental Core Analyzer Advanced Weapon Cycler Hardened Medium Armor Plating Makeshift Hacking Suite Relay Coupler [NC] Advanced Component Analysis Suite High-powered Tractor Beam PSU Rigger Chronowheel Minigun Minigun Heavy Machine Gun Remote Datajack Heavy Pick Deploy-a-Sentry [Rating: 64] Favorites ----------- Power Reinforced Ion Engine Engine Reinforced Ion Engine Power Core Light Fission Core Reactor Cold Fusion Reactor Propulsion Light Treads Treads Light Treads Leg Improved Aluminum Leg Wheel Armored Wheel Flight Unit Improved VTOL Module Utility Huge Storage Unit Device Improved Heat Sink Storage Huge Storage Unit Processor Experimental Targeting Computer Hackware Relay Coupler [NC] Protection Hardened Light Armor Plating Weapon Heavy Assault Rifle Energy Gun Heavy Particle Gun Energy Cannon Particle Cannon Ballistic Gun Heavy Assault Rifle Ballistic Cannon Mini Assault Cannon Launcher Rocket Launcher Special Weapon Remote Datajack Impact Weapon Makeshift Hammer Slashing Weapon Greatsword Piercing Weapon Heavy Pick Special Melee Weapon Improved Datajack Build | -11 -10 -10 -9 -9 -9 -8 -8 -8 -8 -8 -7 -7 -7 ------- Run | Yrd Mat Min Mat Min Exi Min Mat Gar Mat Gar Fac Was Fac Slots Evolved 6 | . . . 2 . . . 2 . . . 2 . . Power . | . . . . . . . . . . . . . . Propulsion 3 | . . . 1 . . . . . . . 2 . . Utility 1 | . . . . . . . 1 . . . . . . Weapon 2 | . . . 1 . . . 1 . . . . . . Parts Attached 163 | 8 16 4 25 . 17 2 30 5 12 3 23 6 12 Power 20 | 1 2 3 3 . 2 . . . 1 . 3 1 4 Engine 14 | 1 2 3 2 . 1 . . . 1 . 1 . 3 Core 5 | . . . 1 . . . . . . . 2 1 1 Reactor 1 | . . . . . 1 . . . . . . . . Propulsion 41 | 2 . 1 12 . 6 2 8 2 2 1 4 . 1 Treads 30 | 2 . 1 11 . 5 1 6 2 1 1 . . . Leg 1 | . . . . . 1 . . . . . . . . Wheel 4 | . . . 1 . . 1 2 . . . . . . Hover . | . . . . . . . . . . . . . . Flight 6 | . . . . . . . . . 1 . 4 . 1 Utility 38 | 2 8 . 3 . 2 . 10 . 4 1 6 2 . Device 18 | 1 5 . . . 1 . 7 . 1 1 2 . . Storage 4 | 1 2 . . . . . 1 . . . . . . Processor 5 | . . . . . 1 . . . 1 . 3 . . Hackware 3 | . . . . . . . . . . . 1 2 . Protection 8 | . 1 . 3 . . . 2 . 2 . . . . Artifact . | . . . . . . . . . . . . . . Weapon 64 | 3 6 . 7 . 7 . 12 3 5 1 10 3 7 Energy Gun 8 | 3 . . 1 . . . 4 . . . . . . Energy Cannon 6 | . 2 . 1 . . . 2 . . . . 1 . Ballistic Gun 29 | . 2 . 5 . 5 . 4 2 4 1 5 1 . Ballistic Cannon 8 | . 1 . . . . . 1 . . . 3 1 2 Launcher 4 | . 1 . . . 1 . 1 . . . . . 1 Special Weapon 2 | . . . . . . . . 1 . . 1 . . Impact Weapon 3 | . . . . . 1 . . . . . . . 2 Slashing Weapon 1 | . . . . . . . . . . . . . 1 Piercing Weapon 2 | . . . . . . . . . . . 1 . 1 Special Melee Weapon 1 | . . . . . . . . . 1 . . . . Unidentified Prototypes 12 | . . . 3 . 3 . 2 . 1 . 2 . 1 Parts Lost 24 | . 1 1 2 . 7 3 1 2 . . 1 . 6 Power 2 | . . . . . 1 . . . . . 1 . . Propulsion 13 | . . 1 1 . 4 1 . . . . . . 6 Utility 1 | . 1 . . . . . . . . . . . . Weapon 8 | . . . 1 . 2 2 1 2 . . . . . Highest Loss Streak 4 | . 1 1 1 . 4 2 1 1 . . 1 . 3 To Critical Strikes 6 | . . . . . 5 . 1 . . . . . . Average Backups 21 | 4 19 25 24 25 21 23 23 23 24 24 5 4 4 Power 1 | . 1 1 1 1 1 1 1 1 1 1 . . . Propulsion 5 | 2 2 2 6 7 6 2 6 7 7 8 . . . Utility 8 | . 7 12 8 7 7 13 11 10 10 9 3 1 2 Weapon 5 | . 6 9 8 8 6 4 3 2 3 3 . 2 1 Tool/Special . | . . . . . . . . . . . . . . Unused Backups 69 | . 12 1 12 4 10 3 7 1 7 1 5 . 6 Power 8 | . 1 . . . 4 2 1 . . . . . . Propulsion 13 | . 3 . 2 . . . 1 . 5 . 2 . . Utility 30 | . 6 . 5 . 6 1 4 1 1 1 1 . 4 Weapon 16 | . 2 1 5 4 . . 1 . 1 . . . 2 Tool/Special 2 | . . . . . . . . . . . 2 . . Average Slot Usage (%) 94 | . 99 90 99 100 78 99 99 99 100 100 99 100 89 Engine 8 | . 14 14 11 11 9 . . . 8 9 . . 1 Reactor 1 | . . . . . . 11 9 9 . . . . . Treads 25 | . 27 18 32 33 33 30 26 27 26 27 . . . Flight 3 | . . . . . . . . . . . 37 38 31 Device 4 | . 10 14 . . . . 8 8 . 8 3 . . Storage 9 | . 14 14 11 11 11 11 9 9 9 9 . . . Processor 4 | . . . . . 2 11 9 9 9 9 11 7 7 Hackware 1 | . . . . . . . . . . . 6 14 15 Protection 4 | . 3 . 10 11 8 . . . 8 . . . . Energy Gun 1 | . 9 . . . . . 8 . . . . . . Energy Cannon 4 | . 11 27 . . . . 2 . . . . 5 . Ballistic Gun 19 | . . . 32 33 11 33 22 35 35 35 20 7 1 Ballistic Cannon 2 | . 6 . . . . . 1 . . . 3 15 17 Peak Build Rating 64 | 7 14 16 20 19 41 42 47 45 51 54 64 63 64 Average Rating 30 | 5 9 14 18 18 18 34 44 43 47 53 57 61 56 On Entrance 33 | . 7 14 16 19 19 41 35 45 43 49 52 63 61 Naked Turns . | . . . . . . . . . . . . . . Heaviest Build 114 | 12 94 96 104 104 105 101 110 109 114 114 113 25 22 Greatest Support 60 | 40 40 40 60 60 60 60 60 60 60 60 60 25 25 Greatest Overweight (x) 8 | . 2 4 6 1 1 8 2 1 1 1 4 8 1 Average Overweight (x) . | . 1 3 1 1 1 2 1 1 1 1 . . . Largest Inventory Capacity 25 | 8 25 25 25 25 25 25 25 25 25 25 25 5 5 Average Capacity 22 | 7 20 25 25 25 25 25 25 25 25 25 6 5 5 Most Carried 25 | 8 25 25 25 25 25 25 25 25 25 25 25 5 5 Average Carried 21 | 4 19 24 24 24 21 24 24 24 24 24 5 4 4 Final Capacity 25 | 8 25 25 25 25 25 25 25 25 25 25 5 5 5 Final Carried 25 | 8 25 25 25 25 25 25 25 25 25 25 5 5 5 Class Distribution -------------------- 31% | Mutant 23% | Scavenger-Gunner 20% | Scavenger-Tank 16% | Gunner 7% | Sprinter Dominant Class ---------------- Mutant | -10/Materials Mutant | -10/Mines Scavenger-Tank | -9/Materials Scavenger-Tank | -9/Mines Mutant | -9/Exiles Scavenger-Gunner | -8/Mines Scavenger-Gunner | -8/Materials Scavenger-Gunner | -8/Garrison Gunner | -8/Materials Gunner | -8/Garrison Sprinter | -7/Factory Gunner | -7/Waste Sprinter | -7/Factory Resources | -11 -10 -10 -9 -9 -9 -8 -8 -8 -8 -8 -7 -7 -7 ----------- Run | Yrd Mat Min Mat Min Exi Min Mat Gar Mat Gar Fac Was Fac Matter Collected 9529 | 172 513 113 1514 219 1573 286 941 630 988 761 682 254 883 Remotely 51 | . . . . . . . . . 51 . . . . Salvage Created 12808 | 66 799 283 2077 240 589 400 1432 967 1329 1063 918 1665 980 Parts 724 | 8 50 23 129 16 83 17 59 50 72 80 56 30 51 Haulers Intercepted 24 | . 2 . 6 . . . 3 . 4 . 6 . 3 Recyclers Shooed 6 | . . . 1 1 . . 1 . 2 . . . 1 Parts Field Recycled . | . . . . . . . . . . . . . . Retrieved Matter . | . . . . . . . . . . . . . . Parts Self-Destructed . | . . . . . . . . . . . . . . Prevented . | . . . . . . . . . . . . . . Kills | -11 -10 -10 -9 -9 -9 -8 -8 -8 -8 -8 -7 -7 -7 ------- Run | Yrd Mat Min Mat Min Exi Min Mat Gar Mat Gar Fac Was Fac Combat Hostiles Destroyed 206 | . 17 10 31 8 3 6 23 20 20 36 13 6 13 Melee 3 | . . . . . . . . . . 1 . . 2 Guns 154 | . 3 . 31 8 1 6 18 20 20 35 12 . . Cannons 29 | . 11 5 . . . . 5 . . . . 4 4 AOE 18 | . 3 5 . . 2 . . . . . 1 . 7 Classes Destroyed 19 | 1 8 2 1 2 2 . . . 1 1 . 1 . Worker 26 | . . 1 1 . . . 2 . 3 . 6 . 13 Builder 4 | . 3 . . . . . . . . . . . 1 Tunneler 6 | 3 . 1 1 . . . . . . . 1 . . Hauler 24 | . 2 . 6 . . . 3 . 4 . 6 . 3 Recycler 14 | . 1 . 5 . . 1 1 . 4 . . . 2 Mechanic 2 | . 1 . . . . . . . . . 1 . . Operator 8 | . 2 . . . . . 2 . 2 . . . 2 Turret 1 | . . . . . 1 . . . . . . . . Watcher 16 | . 3 . 4 . . . 2 . 3 . . . 4 Swarmer 47 | . 6 6 4 5 . . . 3 4 12 6 . 1 Grunt 98 | . 11 2 14 2 . 5 16 10 9 16 5 . 8 Brawler 8 | . . . . 1 . . 2 2 . 3 . . . Duelist 7 | . . . 3 . . 1 1 . 1 1 . . . Sentry 30 | . . 2 10 . . . 4 5 5 3 . . 1 Hunter 1 | . . . . . . . . . 1 . . . . Programmer 8 | . . . . . . . . . . 3 2 . 3 Compactor 6 | . . . . . . . . . . . . 6 . Zionite 7 | . . . . 1 6 . . . . . . . . Assembled 2 | . . . . . 2 . . . . . . . . Best Kill Streak 8 | 2 4 3 5 3 5 3 5 8 5 6 4 2 7 Combat Bots Only 8 | . 3 3 4 3 2 3 5 8 3 6 4 2 7 Max Kills in Single Turn 3 | 1 2 3 2 1 2 2 1 2 2 3 3 1 2 Gunslinging 1 | . . . 1 . . 1 . 1 . 1 . . . Exploded 3 | . 2 3 . . 2 . . . . . 1 . 2 Melee 1 | . . . . . . . . . . 1 . . 1 Uniques/NPCs Destroyed 4 | . . . . . 4 . . . . . . . . 8R-AWN (-9/Exiles) EX-HEX (-9/Exiles) EX-BIN (-9/Exiles) EX-DEC (-9/Exiles) Combat | -11 -10 -10 -9 -9 -9 -8 -8 -8 -8 -8 -7 -7 -7 -------- Run | Yrd Mat Min Mat Min Exi Min Mat Gar Mat Gar Fac Was Fac Hostile Shots Fired 825 | . 62 35 133 44 89 42 74 70 38 77 54 . 107 Missed 234 | . 18 7 41 10 9 13 22 12 16 26 15 . 45 Hits 591 | . 44 28 92 34 80 29 52 58 22 51 39 . 62 Melee 5 | . . . . 1 . 1 2 1 . . . . . Projectile 586 | . 44 28 92 33 80 28 50 57 22 51 39 . 62 Critical Strikes 59 | . 1 . 2 . 37 . 10 3 . 3 1 . 2 Part Disruptions 1 | . . . . . . . . . . 1 . . . Damage Taken 8078 | . 551 346 1188 319 1443 478 755 613 299 653 572 . 861 Core 1219 | . 74 87 50 66 208 52 130 60 15 97 135 . 245 Absorbed by Shields 336 | . . . . . . . 85 228 . 23 . . . Regen/Repaired (Parts) 322 | . 125 . 168 . . . . . . . . . 29 Core Remaining (%) 46 | 100 . 35 . . . 6 . . . 45 . . . Volleys Fired 738 | 8 57 18 107 22 126 21 71 36 46 36 42 118 30 Largest 4 | 2 2 2 3 3 3 3 4 4 4 4 4 1 4 Hottest 169 | 90 136 136 69 69 76 76 169 96 112 112 145 80 160 Shots Fired 1884 | 16 111 34 321 68 211 63 268 135 185 136 123 118 95 Gun 1535 | 16 48 . 321 68 209 63 223 135 185 136 117 . 14 Cannon 325 | . 60 32 . . . . 45 . . . 4 108 76 Launcher 12 | . 3 2 . . 2 . . . . . . . 5 Special 12 | . . . . . . . . . . . 2 10 . Kinetic 1532 | . 25 2 321 68 209 63 177 135 185 136 121 . 90 Thermal 328 | 16 83 30 . . . . 91 . . . . 108 . Explosive 12 | . 3 2 . . 2 . . . . . . . 5 Electromagnetic . | . . . . . . . . . . . . . . Robot Hit Streak 30 | 3 9 10 19 6 23 14 21 30 16 18 8 16 5 Robot Miss Streak 8 | 2 2 4 5 5 4 2 3 3 5 6 8 2 8 Penetration Max . | . . . . . . . . . . . . . . Secondary Targets 36 | . . . 6 1 . 3 1 10 1 14 . . . Max Gunslinging Chain 2 | . . . 1 1 . 1 1 2 1 1 . . . Shots Hit Robots 1293 | 5 73 20 198 33 152 54 184 105 124 114 79 82 70 Core Hits 662 | 3 37 12 71 13 36 18 62 36 131 151 34 19 39 Critical Kills 10 | . . . 1 . 2 . 2 . 1 . . 2 2 Critical Parts Destroyed 19 | . . . 1 . 12 1 1 . 1 . 1 . 2 Critical Strikes 42 | . 3 . 2 . 14 1 9 . 2 . 2 2 7 Burn 8 | . 2 . . . . . 6 . . . . . . Meltdown 2 | . . . . . . . . . . . . 2 . Destroy 24 | . . . 2 . 14 1 3 . 2 . 1 . 1 Blast 3 | . 1 . . . . . . . . . . . 2 Smash 3 | . . . . . . . . . . . . . 3 Impale 2 | . . . . . . . . . . . 1 . 1 Melee Attacks 95 | . . . . . 2 . 3 1 1 2 29 . 57 Impact 35 | . . . . . 2 . 3 1 . 2 . . 27 Slashing 18 | . . . . . . . . . . . . . 18 Piercing 41 | . . . . . . . . . . . 29 . 12 Sneak Attacks 27 | . . . . . . . . . 1 . 9 . 17 Combat Hostiles . | . . . . . . . . . . . . . . Follow-up Attacks 1 | . . . . . . . . . . . . . 1 Damage Inflicted 26906 | 58 1450 663 3094 497 2080 815 3226 1687 2174 2193 2544 2230 4195 Guns 16736 | 58 436 . 3069 486 1981 815 2568 1687 2134 2187 1131 . 184 Cannons 4925 | . 782 407 . . . . 571 . . . 30 2230 905 Explosions 1708 | . 229 256 . . 99 . . . 38 . 414 . 672 Melee 3438 | . . . . . . . 35 . . . 969 . 2434 Ramming 99 | . 3 . 25 11 . . 52 . 2 6 . . . Kinetic 16969 | . 341 19 3069 486 1981 815 2000 1687 2134 2187 1161 . 1089 Thermal 4994 | 58 877 388 . . . . 1139 . . . 302 2230 . Explosive 1368 | . 229 256 . . 99 . . . . . 112 . 672 Electromagnetic 38 | . . . . . . . . . 38 . . . . Impact 972 | . . . . . . . 35 . . . . . 937 Slashing 1212 | . . . . . . . . . . . . . 1212 Piercing 1254 | . . . . . . . . . . . 969 . 285 Highest Corruption 7 | . . . 2 2 2 2 . . 1 1 . . 7 Average Corruption 1 | . . . 2 2 2 2 . . 1 1 . . 3 Corruption Purged . | . . . . . . . . . . . . . . Corruption Blocked . | . . . . . . . . . . . . . . Effects 149 | . . . 34 18 50 10 . . 5 15 . . 17 Message Errors 41 | . . . 9 3 19 1 . . 2 3 . . 4 Matter Fused 41 | . . . 8 3 16 4 . . . 4 . . 6 Heat Flow Errors 13 | . . . 3 2 3 1 . . 1 1 . . 2 Energy Discharges 20 | . . . 5 5 6 1 . . . 2 . . 1 Parts Rejected 1 | . . . . . . . . . . . . . 1 Parts Fused 3 | . . . 1 . . 1 . . . 1 . . . Data Loss (minor) 15 | . . . 5 1 4 2 . . 1 1 . . 1 Data Loss (major) 5 | . . . 1 2 . . . . . 1 . . 1 Misfires 6 | . . . 1 2 . . . . 1 1 . . 1 Alerts 3 | . . . 1 . 1 . . . . 1 . . . Weapon Failures 1 | . . . . . 1 . . . . . . . . Overload Shots . | . . . . . . . . . . . . . . Overflow Damage 1136 | . 20 60 . . 6 . . . . . 308 . 742 Projectiles 27 | . . . . . . . . . . . . . 27 Explosions 157 | . 20 60 . . 6 . . . . . 71 . . Melee 952 | . . . . . . . . . . . 237 . 715 Knockbacks 15 | . 7 . . . . . 4 . . . . . 4 Impact 2 | . . . . . . . . . . . . . 2 Kinetic 13 | . 7 . . . . . 4 . . . . . 2 Secondary . | . . . . . . . . . . . . . . Self-Inflicted Damage 100 | . 32 28 . . 7 . . . 33 . . . . Shots 5 | . 1 2 . . 1 . . . 1 . . . . Rammed 16 | . 2 1 3 2 . . 6 . 2 . . . . Targets Rammed 18 | . 2 1 3 2 . . 7 . 2 1 . . . Kicked . | . . . . . . . . . . . . . . Crushed 2 | . . . . . . . 1 . . 1 . . . Highest Temperature 434 | 60 324 192 233 228 230 206 149 92 253 237 206 338 434 Average Temperature 65 | 25 87 64 49 86 78 32 38 28 54 67 47 107 77 Received Heat Transfer 2550 | . 255 117 501 33 60 252 463 293 63 162 126 . 225 Effects 14 | . . . . . 2 . . . 1 2 . 2 7 Energy Bleed 4 | . . . . . . . . . . . . 2 2 Interference 7 | . . . . . 2 . . . 1 2 . . 2 Damage (major) 3 | . . . . . . . . . . . . . 3 Siege Activations . | . . . . . . . . . . . . . . Martial Activations . | . . . . . . . . . . . . . . Shielding Activations . | . . . . . . . . . . . . . . Robots Disrupted . | . . . . . . . . . . . . . . Combat Hostiles . | . . . . . . . . . . . . . . Robots Corrupted 6 | . . . 1 . . . . . . . . . 5 Combat Hostiles . | . . . . . . . . . . . . . . Parts Fried 14 | . . . 4 . . . . . . . . . 10 Impact Corruptions 15 | . . . 1 . . . . . . . . . 14 Robots Melted 2 | . . . . . . . . . . . . 2 . Combat Hostiles 2 | . . . . . . . . . . . . 2 . Parts Melted 14 | . 3 2 . . . . 3 . . . 2 4 . Heat Transferred 10115 | 161 2161 703 . . . . 2590 . . . 150 4350 . Parts Sabotaged . | . . . . . . . . . . . . . . Parts Stolen . | . . . . . . . . . . . . . . Parts Stripped . | . . . . . . . . . . . . . . Power Chain Reactions . | . . . . . . . . . . . . . . Alert | -11 -10 -10 -9 -9 -9 -8 -8 -8 -8 -8 -7 -7 -7 ------- Run | Yrd Mat Min Mat Min Exi Min Mat Gar Mat Gar Fac Was Fac Maximum Alert Level 4 | . . . 1 . . . 1 3 2 4 4 2 2 Low Security (%) 66 | 100 100 100 90 100 . 100 95 8 19 . . 15 53 Level 1 15 | . . . 9 . . . 4 16 73 16 . 65 41 Level 2 5 | . . . . . . . . 13 7 31 . 18 4 Level 3 8 | . . . . . . . . 61 . 17 84 . . Level 4 4 | . . . . . . . . . . 35 15 . . Level 5 . | . . . . . . . . . . . . . . High Security . | . . . . . . . . . . . . . . Max Security . | . . . . . . . . . . . . . . Peak Influence 1579 | 5 161 139 358 168 . 62 207 962 524 1579 1325 463 492 Initial 828 | . . 61 . 37 . . 17 131 468 250 828 463 111 Average 233 | . 28 14 96 42 . 6 65 662 270 848 895 302 203 Influence Increases 8435 | 15 607 254 1058 311 . 146 769 851 721 1349 1209 . 1145 Destroy 0b10 Robot/C 4180 | . 340 200 620 220 . 120 460 400 420 740 400 . 260 Destroy 0b10 Robot/NC 500 | 15 60 10 85 . . 5 50 . 80 . 70 . 125 Destroy Leader 880 | . 100 30 200 40 . 20 120 30 144 40 82 . 74 Allied During Kill 78 | . . . . 14 . . . . 23 15 26 . . Successful Hack 315 | . 34 . 68 7 . . 17 21 9 37 72 . 50 Select Force Hacks 60 | . 60 . . . . . . . . . . . . Disable Machine 255 | . . . 30 . . . 45 . 30 . 105 . 45 Anti-Garrison Action 850 | . . . . . . . . 350 . 500 . . . Destroy Structure 147 | . 13 14 10 . . 1 17 5 . 2 34 . 51 Partial Spotted 150 | . . . . . . . . . . . 75 . 75 Lose Combat Pursuer 1020 | . . . 45 30 . . 60 45 15 15 345 . 465 Influence Decreases 7979 | 15 450 411 960 409 . 100 612 92 1298 155 1463 1166 848 Entered New Map 2548 | . . 96 . 61 . . 29 72 494 135 751 862 48 Time Decay 3961 | 15 440 305 640 348 . 80 423 . 614 . 362 294 440 Lost Part 150 | . 10 10 20 . . 20 . 20 . . 10 . 60 Lost Ally 110 | . . . . . . . . . 40 20 40 10 . Purge Threat 1210 | . . . 300 . . . 160 . 150 . 300 . 300 Squads Dispatched 38 | . 5 . 3 . . . 2 . 5 . 10 . 13 Investigation 19 | . 3 . 2 . . . 1 . 2 . 5 . 6 Extermination 5 | . . . . . . . . . . . 1 . 4 Reinforcement 12 | . 2 . 1 . . . 1 . 2 . 3 . 3 Assault 1 | . . . . . . . . . . . 1 . . Garrison 1 | . . . . . . . . . 1 . . . . Intercept . | . . . . . . . . . . . . . . Searches Triggered . | . . . . . . . . . . . . . . Construction Impeded 1 | . . . . . . . . . . . . . 1 Haulers Reinforced 3 | . . . . . . . . . . . 2 . 1 Active Scanning Responses . | . . . . . . . . . . . . . . Cargo Convoy Interrupts . | . . . . . . . . . . . . . . Stealth | -11 -10 -10 -9 -9 -9 -8 -8 -8 -8 -8 -7 -7 -7 --------- Run | Yrd Mat Min Mat Min Exi Min Mat Gar Mat Gar Fac Was Fac Distress Signals 14 | . . . 2 . . . 2 . 3 . 5 . 2 Communications Jammed . | . . . . . . . . . . . . . . Distress Signals . | . . . . . . . . . . . . . . Times Spotted 331 | . 27 10 43 10 14 6 39 21 25 37 45 5 49 Peak Tracking Total 11 | . 4 3 5 3 10 3 5 5 4 6 9 2 11 Tactical Retreats 43 | . . . 2 1 12 . 3 2 1 1 10 . 11 Traps | -11 -10 -10 -9 -9 -9 -8 -8 -8 -8 -8 -7 -7 -7 ------- Run | Yrd Mat Min Mat Min Exi Min Mat Gar Mat Gar Fac Was Fac Traps Triggered 16 | . 1 . 1 . . . . 2 1 7 1 . 3 Indirectly . | . . . . . . . . . . . . . . Trap Hack Attempts 3 | . . . . . . . . . 3 . . . . Triggered . | . . . . . . . . . . . . . . Disarmed 2 | . . . . . . . . . 2 . . . . Reprogrammed . | . . . . . . . . . . . . . . Reused . | . . . . . . . . . . . . . . Traps Extracted . | . . . . . . . . . . . . . . Installed . | . . . . . . . . . . . . . . Triggered . | . . . . . . . . . . . . . . Machines | -11 -10 -10 -9 -9 -9 -8 -8 -8 -8 -8 -7 -7 -7 ---------- Run | Yrd Mat Min Mat Min Exi Min Mat Gar Mat Gar Fac Was Fac Machines Disabled 33 | . . . 2 . 14 . 3 2 2 . 7 . 3 Max in Single Turn 2 | . . . 1 . 1 . 1 1 1 . 2 . 1 Garrison Access 2 | . . . . . . . . . . . 2 . . Garrison Relay 1 | . . . . . . . . 1 . . . . . Phase Generator 1 | . . . . . . . . 1 . . . . . Machines Repaired . | . . . . . . . . . . . . . . Machines Dismantled 1 | . . . . . . . . 1 . . . . . Machines Sabotaged . | . . . . . . . . . . . . . . Overloaded Fab Kills . | . . . . . . . . . . . . . . Hacking | -11 -10 -10 -9 -9 -9 -8 -8 -8 -8 -8 -7 -7 -7 --------- Run | Yrd Mat Min Mat Min Exi Min Mat Gar Mat Gar Fac Was Fac Machines Accessed 86 | . 8 . 14 1 2 . 12 3 7 4 18 . 17 Terminals 56 | . 5 . 11 1 . . 9 3 5 4 10 . 8 Fabricators 6 | . . . . . . . . . . . 4 . 2 Repair Stations 5 | . 1 . 2 . . . . . . . . . 2 Recycling Units 2 | . 2 . . . . . . . . . . . . Scanalyzers 10 | . . . 1 . . . 2 . 1 . 2 . 4 Garrison Access 5 | . . . . . . . 1 . 1 . 2 . 1 Total Hacks 250 | . 25 . 54 2 2 . 40 5 22 9 41 . 50 Successful 114 | . 10 . 26 1 2 . 20 2 8 3 20 . 22 Failed 136 | . 15 . 28 1 . . 20 3 14 6 21 . 28 Catastrophic 25 | . 4 . 7 1 . . 4 2 1 1 2 . 3 Database Lockouts . | . . . . . . . . . . . . . . Manual 95 | . 20 . 33 2 1 . 19 . 5 . 10 . 5 Terminals 169 | . 20 . 43 2 . . 24 5 15 9 24 . 27 Fabricators 13 | . . . . . . . . . . . 7 . 6 Repair Stations 12 | . 3 . 6 . . . . . . . . . 3 Recycling Units 2 | . 2 . . . . . . . . . . . . Scanalyzers 45 | . . . 5 . . . 15 . 6 . 8 . 11 Garrison Access 7 | . . . . . . . 1 . 1 . 2 . 3 Terminal Hacks 48 | . 1 . 11 1 2 . 4 2 3 3 11 . 10 Record 1 | . . . . . 1 . . . . . . . . Part Schematic 4 | . . . 2 1 . . . . . . 1 . . Robot Schematic 1 | . 1 . . . . . . . . . . . . Prototype ID Bank 3 | . . . 1 . . . . . 1 . 1 . . Open Door 2 | . . . . . . . . 1 . 1 . . . Branch Access Points 1 | . . . 1 . . . . . . . . . . Emergency Access Points 3 | . . . . . . . . . . . 3 . . Terminal Index 1 | . . . . . . . . . . . 1 . . Scanalyzer Index 1 | . . . . . . . . . . . . . 1 Alert Level 1 | . . . . . . . 1 . . . . . . Unreport Threat 9 | . . . 2 . . . 2 . 1 . 2 . 2 Locate Traps 11 | . . . 3 . . . 1 . 1 . 2 . 4 Recall Investigation 1 | . . . 1 . . . . . . . . . . Hauler Manifests 3 | . . . 1 . . . . . . . 1 . 1 Zone Layout 2 | . . . . . . . . . . . . . 2 Garrison Registry 1 | . . . . . . . . 1 . . . . . Patrol Navigation 1 | . . . . . . . . . . 1 . . . Security Stations 1 | . . . . . . . . . . 1 . . . Proto ID Catalog 1 | . . . . . 1 . . . . . . . . Fabricator Hacks 3 | . . . . . . . . . . . 1 . 2 Network Status 1 | . . . . . . . . . . . 1 . . Load Schematic 1 | . . . . . . . . . . . . . 1 Build 1 | . . . . . . . . . . . . . 1 Repair Station Hacks 8 | . 2 . 6 . . . . . . . . . . Scan Component 4 | . 1 . 3 . . . . . . . . . . Repair 4 | . 1 . 3 . . . . . . . . . . Recycling Unit Hacks . | . . . . . . . . . . . . . . Scanalyzer 28 | . . . 4 . . . 11 . 4 . 3 . 6 Insert Component 12 | . . . 2 . . . 4 . 1 . 2 . 3 Analyze 16 | . . . 2 . . . 7 . 3 . 1 . 3 Garrison Access Hacks 5 | . . . . . . . 1 . 1 . 2 . 1 Unlock Access 3 | . . . . . . . 1 . 1 . . . 1 Seal Access 2 | . . . . . . . . . . . 2 . . Unauthorized Hacks 22 | . 7 . 5 . . . 4 . . . 3 . 3 Terminals 15 | . 5 . 5 . . . 4 . . . 1 . . Assimilate 1 | . . . . . . . . . . . 1 . . Operators 1 | . 1 . . . . . . . . . . . . Skim 13 | . 4 . 5 . . . 4 . . . . . . Fabricators 3 | . . . . . . . . . . . 2 . 1 Report 1 | . . . . . . . . . . . 1 . . Prioritize 1 | . . . . . . . . . . . . . 1 Haulers 1 | . . . . . . . . . . . 1 . . Repair Stations 1 | . . . . . . . . . . . . . 1 Patch 1 | . . . . . . . . . . . . . 1 Recycling Units 2 | . 2 . . . . . . . . . . . . Tunnel 2 | . 2 . . . . . . . . . . . . Scanalyzers . | . . . . . . . . . . . . . . Garrison Access 1 | . . . . . . . . . . . . . 1 Watchers 1 | . . . . . . . . . . . . . 1 Data Cores Recovered 2 | . . . . . . . 1 . . . . . 1 Used . | . . . . . . . . . . . . . . Hacking Detections 71 | . 6 . 14 1 . . 11 2 7 2 14 . 14 Full Trace Events 15 | . . . 2 . . . 1 1 1 2 3 . 5 Feedback Events 2 | . . . . . . . . . 1 . . . 1 Corruption 2 | . . . . . . . . . 1 . . . 1 Feedback Blocked . | . . . . . . . . . . . . . . Robot Schematics Acquired 1 | . 1 . . . . . . . . . . . . Robots Built . | . . . . . . . . . . . . . . Authchips . | . . . . . . . . . . . . . . Time . | . . . . . . . . . . . . . . Total Robot Build Rating . | . . . . . . . . . . . . . . Part Schematics Acquired 13 | . . . 4 1 . . 4 . . . 2 . 2 Parts Built . | . . . . . . . . . . . . . . Authchips . | . . . . . . . . . . . . . . Time 152 | . . . . . . . . . . . . . 152 Total Part Build Rating . | . . . . . . . . . . . . . . Parts Repaired 4 | . 1 . 3 . . . . . . . . . . Time 107 | . 13 . 94 . . . . . . . . . . Parts Recycled . | . . . . . . . . . . . . . . Recycled Matter . | . . . . . . . . . . . . . . Retrieved Matter . | . . . . . . . . . . . . . . Retrieved Components . | . . . . . . . . . . . . . . Parts Scanalyzed 10 | . . . 2 . . . 4 . 1 . 1 . 2 Part Schematics Acquired 9 | . . . 2 . . . 4 . . . 1 . 2 Parts Damaged 4 | . . . 2 . . . . . . . 1 . 1 Bothacking | -11 -10 -10 -9 -9 -9 -8 -8 -8 -8 -8 -7 -7 -7 ------------ Run | Yrd Mat Min Mat Min Exi Min Mat Gar Mat Gar Fac Was Fac Used RIF Installer 3 | . . . . . . . . 2 . 1 . . . Alert ID Control 1 | . . . . . . . . 1 . . . . . Structural Interface 1 | . . . . . . . . . . 1 . . . Robots Hacked 8 | . . . . . . . . . 1 . 1 6 . Non-combat 2 | . . . . . . . . . 1 . 1 . . Combat 6 | . . . . . . . . . . . . 6 . Robot Hacks Applied 8 | . . . . . . . . . 1 . 1 6 . parse_system 1 | . . . . . . . . . 1 . . . . find_chute 1 | . . . . . . . . . . . 1 . . ignore_targets 6 | . . . . . . . . . . . . 6 . Relay Couplers Released 4 | . . . . . . . . 4 . . . . . Machine Destruction 4 | . . . . . . . . 4 . . . . . Attached 1 | . . . . . . . . . . . . 1 . Fabnet Peak Effective % . | . . . . . . . . . . . . . . Robots Rewired 5 | . . . . . . . . . . 5 . . . Allies Hacked . | . . . . . . . . . . . . . . Hacks Repelled . | . . . . . . . . . . . . . . Allies | -11 -10 -10 -9 -9 -9 -8 -8 -8 -8 -8 -7 -7 -7 -------- Run | Yrd Mat Min Mat Min Exi Min Mat Gar Mat Gar Fac Was Fac Total Allies 14 | . . . . 6 . . . 2 . 5 1 . . Largest Group 5 | . . . . 5 4 . . 2 2 3 2 1 . Highest-Rated Group 102 | . . . . 102 71 . . 45 45 62 62 10 . Highest-Rated Ally 31 | . . . . 31 31 . . 25 25 31 31 10 . Total Orders 7 | . . . . . 3 . . . . 4 . . . STAY 3 | . . . . . 2 . . . . 1 . . . FOLLOW 4 | . . . . . 1 . . . . 3 . . . Ally Attacks 69 | . . . . 20 7 . . . 5 7 30 . . Total Damage 938 | . . . . 146 87 . . . 91 122 492 . . Kills 13 | . . . . 3 1 . . . 1 1 7 . . Allies Corrupted . | . . . . . . . . . . . . . . Allies Melted 1 | . . . . . . . . . 1 . . . . Turrets Deployed 1 | . . . . . . . . . . . 1 . . Intel | -11 -10 -10 -9 -9 -9 -8 -8 -8 -8 -8 -7 -7 -7 ------- Run | Yrd Mat Min Mat Min Exi Min Mat Gar Mat Gar Fac Was Fac Active Infowar (turns) 1728 | 56 589 . . . . . 2 147 2 179 753 . . Optics 680 | . . . . . . . . . 2 . 678 . . Sensors 2 | . . . . . . . 2 . . . . . . Seismic 790 | 56 587 . . . . . . 147 . . . . . T.N.C. 425 | . . . . . . . . . . . 425 . . Cloaking 179 | . . . . . . . . . . 179 . . . ECM 2 | . 2 . . . . . . . . . . . . Robot Analysis Total . | . . . . . . . . . . . . . . Derelict Logs Recovered 4 | . . 1 . 3 . . . . . . . . . Drone Launches . | . . . . . . . . . . . . . . Drone Recoveries . | . . . . . . . . . . . . . . Exploration | -11 -10 -10 -9 -9 -9 -8 -8 -8 -8 -8 -7 -7 -7 ------------- Run | Yrd Mat Min Mat Min Exi Min Mat Gar Mat Gar Fac Was Fac Turns Passed 27264 | 141 2879 2705 3994 1407 4473 647 2770 1377 2020 2305 821 641 1084 Spaces Moved 13260 | 64 937 643 1373 550 1682 238 980 478 698 831 1901 418 2467 Core 47 | 4 . . . . . . . . . . . 43 . Treads 8345 | 60 937 643 1345 550 1682 185 935 478 698 831 1 . . Legs . | . . . . . . . . . . . . . . Wheels 126 | . . . 28 . . 53 45 . . . . . . Hover . | . . . . . . . . . . . . . . Flight 4742 | . . . . . . . . . . . 1900 375 2467 Fastest Speed 23 | 50 160 320 190 240 240 210 120 246 246 246 23 23 23 Average Speed 173 | 153 262 409 238 240 240 235 240 246 246 246 24 66 25 Slowest Speed 480 | 160 320 480 240 240 240 243 250 250 246 246 303 450 102 Overloaded Moves . | . . . . . . . . . . . . . . Propulsion Burnouts . | . . . . . . . . . . . . . . Robots Hopped 20 | . . . . . . . . . . . 10 2 8 Potential Cave-ins . | . . . . . . . . . . . . . . Cave-ins Triggered . | . . . . . . . . . . . . . . Time Travels 1 | . . . . . . . . . . . 1 . . Exploration Rate (%) 74 | 6 98 99 97 98 90 57 75 79 49 93 54 99 55 Regions Visited 13 Branch Regions 4 Pre-discovered Areas 6 | . 2 1 2 . 1 . . . . . . . . Known Exits Taken 4 | . . . 1 . . 1 1 . 1 . . . . Unknown Exits Taken 5 | 1 1 1 . 1 1 . . . . . . . . Scrap Searched 5 | . . 1 . 2 . 2 . . . . . . . Spaces Dug 44 | . 7 14 . . . . 2 . . 2 6 . 13 Terrain Destroyed 177 | . 9 16 . . 34 1 10 . . 2 41 . 64 Melee 22 | . . . . . . . 1 . . 2 6 . 13 Projectile 46 | . . 2 . . 19 1 9 . . . . . 15 AOE 104 | . 9 14 . . 10 . . . . . 35 . 36 Terrain Rammed . | . . . . . . . . . . . . . . Walls Destroyed . | . . . . . . . . . . . . . . Machines Disabled . | . . . . . . . . . . . . . . Actions | -11 -10 -10 -9 -9 -9 -8 -8 -8 -8 -8 -7 -7 -7 --------- Run | Yrd Mat Min Mat Min Exi Min Mat Gar Mat Gar Fac Was Fac Total 15933 | 87 1253 677 1856 588 1949 280 1203 584 896 1003 2130 660 2767 Wait 1123 | . 184 1 278 5 24 9 61 29 102 40 101 115 174 Move 13212 | 63 936 642 1372 549 1681 237 980 477 697 830 1882 414 2452 Hop 17 | . . . . . . . . . . . 9 1 7 Pick Up 185 | 8 33 2 30 5 45 6 16 8 13 3 7 2 7 Fast Attach 39 | 7 3 1 1 . 1 . 6 2 3 . 9 . 6 Attach 39 | . . . 5 . 14 3 3 2 . . 9 1 2 Detach 2 | . . . . . . . 1 . . . . . 1 Swap 164 | 1 16 8 25 . 17 1 34 11 13 5 11 7 15 Drop 208 | . 22 4 35 5 39 3 21 8 16 3 31 2 19 Fire 738 | 8 57 18 107 22 126 21 71 36 46 36 42 118 30 Melee 92 | . . . . . 2 . 3 1 1 2 29 . 54 Ram . | . . . . . . . . . . . . . . Kick . | . . . . . . . . . . . . . . Crush 18 | . 2 1 3 2 . . 7 . 2 1 . . . Escape Stasis 6 | . . . . . . . . . . 6 . . . Rewire 78 | . . . . . . . . 1 . 77 . . . Trap 3 | . . . . . . . . . 3 . . . . Miscellaneous 9 | . . . . . . . . 9 . . . . . Route ------- -11/Scrapyard -10/Materials (discovered 5 exits: *Mat x3 / [*Min x2]) -10/Mines (discovered 2 exits: *Mat x2) -9/Materials (discovered 5 exits: *Mat x3 / *Min x2) -9/Mines (discovered 4 exits: *Mat x2 / *Exi / [*Zio]) -9/Exiles -8/Mines -8/Materials (discovered 3 exits: *Fac x2 / Gar) -8/Garrison (discovered 3 exits: *Mat x3) -8/Materials -8/Garrison (discovered 3 exits: *Fac x3) -7/Factory (discovered 3 exits: [*Fac] / [*Sto] / [*Low]) -7/Waste -7/Factory (discovered 2 exits: [*Low] / Gar) History --------- Turn | Location | Event 32 | -11/Scrapyard | Discovered new exit (range 15) 142 | -11/Scrapyard | Entered Materials 314 | -10/Materials | Build established: Mutant 373 | -10/Materials | Discovered new exit (range 13) 373 | -10/Materials | Discovered new exit (range 7) 598 | -10/Materials | Discovered new exit (range 16) 976 | -10/Materials | Discovered new exit (range 4) 1287 | -10/Materials | Discovered new exit (range 13) 2183 | -10/Materials | Repaired Lgt. Treads 3021 | -10/Materials | Entered Mines 3053 | -10/Mines | Learned location of Storage (-7) 3400 | -10/Mines | Discovered new exit (range 9) 4392 | -10/Mines | Discovered new exit (range 9) 4496 | -10/Mines | A weapon hastily lodged in a ceiling crevice suddenly fell to the ground 4953 | -10/Mines | Core integrity fell below 50% 5726 | -10/Mines | Entered Materials 5726 | -9/Materials | Evolved 2 slots: Propulsion x1, Weapon x1 6037 | -9/Materials | Build established: Scavenger-Tank 6503 | -9/Materials | Discovered new exit (range 16) 7042 | -9/Materials | Discovered new exit (range 16) 7472 | -9/Materials | Identified exit to Mines 7570 | -9/Materials | Identified exit to Materials 7665 | -9/Materials | Learned Storage security intel 7805 | -9/Materials | Learned location of 1 exit from Storage 8190 | -9/Materials | Repaired Broken Mak. Hammer 8930 | -9/Materials | Repaired Hvy. Assault Rifle 8964 | -9/Materials | Repaired Hvy. Assault Rifle 9720 | -9/Materials | Entered Mines 9821 | -9/Mines | Met a Derelict bent on vengeance 9997 | -9/Mines | A Derelict revealed a hidden shortcut to a safe place 10023 | -9/Mines | Learned Materials terminal intel 10090 | -9/Mines | Learned 4 Materials zone layouts 10233 | -9/Mines | Deemed a non-threat by the Exiles lab entrance 10380 | -9/Mines | Discovered exit to Materials (range 12) 10449 | -9/Mines | Assisted by bots powering up and referring to "LRC-V3" 10586 | -9/Mines | Found a damaged Exp. Sensor Array with a note attached 10591 | -9/Mines | Found Prototype Device 10866 | -9/Mines | Received a Mining Laser from a helpful Derelict 11105 | -9/Mines | Discovered new exit (range 5) 11127 | -9/Mines | Entered Exiles 11127 | -9/Exiles | Accompanied by 5 allies 11157 | -9/Exiles | Led the pair of lost Derelicts to a safe place 11187 | -9/Exiles | Met 8R-AWN 11225 | -9/Exiles | Met EX-HEX 11338 | -9/Exiles | Met EX-DEC 11391 | -9/Exiles | Learned location of Zion (-7) 11430 | -9/Exiles | Build established: Mutant 11470 | -9/Exiles | Discovered new exit (range 10) 11640 | -9/Exiles | Met EX-BIN 12361 | -9/Exiles | Aligned with FarCom system 12363 | -9/Exiles | Given EX-Vault access code 12421 | -9/Exiles | Opened EX-Vault 12443 | -9/Exiles | Found Chronowheel 12446 | -9/Exiles | Found PSU Rigger 12454 | -9/Exiles | Found Cloak of Protection 12498 | -9/Exiles | Warned to stay clear of 0b10 Research branches 14073 | -9/Exiles | Attacked by the Exiles 14194 | -9/Exiles | Core integrity fell below 50% 14226 | -9/Exiles | Lost 3 parts (3n) 14286 | -9/Exiles | Core integrity fell below 20% 14287 | -9/Exiles | Destroyed 8R-AWN 14294 | -9/Exiles | Lost 4 parts (1p1n2w) 14298 | -9/Exiles | Found Prototype Processor 14305 | -9/Exiles | Found Prototype Ballistic Gun 14307 | -9/Exiles | Identified 8R-AWN's Boregun 14421 | -9/Exiles | Identified Exp. Targeting Computer 14711 | -9/Exiles | Build established: Scavenger-Gunner 14884 | -9/Exiles | Destroyed EX-HEX 14925 | -9/Exiles | Destroyed EX-BIN 14959 | -9/Exiles | Destroyed EX-DEC 15011 | -9/Exiles | Found Prototype Processor 15024 | -9/Exiles | Found Deploy-a-Sentry 15600 | -9/Exiles | Stole four prototypes: Cloak of Protection, PSU Rigger, Chronowheel, Deploy-a-Sentry 15600 | -9/Exiles | Entered Mines 15679 | -8/Mines | Found a Scrap Suit stashed away for nefarious purposes 15684 | -8/Mines | Found Scrap Suit 16166 | -8/Mines | Discovered exit to Materials (range 7) 16247 | -8/Mines | Entered Materials 16247 | -8/Materials | Evolved 2 slots: Utility x1, Weapon x1 16249 | -8/Materials | Loaded intel: 12 terminal locations 17091 | -8/Materials | Discovered new exit (range 15) 17665 | -8/Materials | Discovered new exit (range 10) 18243 | -8/Materials | Identified Exp. Core Analyzer 19017 | -8/Materials | Identified exit to Garrison 19017 | -8/Materials | Entered Garrison 19080 | -8/Garrison | Phase Generator disabled 19130 | -8/Garrison | Garrison Relay disabled 19393 | -8/Garrison | Destroyed 8 combat bots 19426 | -8/Garrison | Discovered new exit (range 50) 19426 | -8/Garrison | Discovered new exit (range 64) 19426 | -8/Garrison | Discovered new exit (range 39) 19463 | -8/Garrison | Triggered checkpoint 19494 | -8/Garrison | Warlord forces raided the area 19519 | -8/Garrison | Triggered checkpoint 19619 | -8/Garrison | Triggered checkpoint 19693 | -8/Garrison | Triggered checkpoint 19782 | -8/Garrison | Installed Relay Interface Framework 19931 | -8/Garrison | Triggered checkpoint 20262 | -8/Garrison | Expanded RIF knowledge: Alert ID Control 20358 | -8/Garrison | Rescued a captive Derelict 20359 | -8/Garrison | Rescued a captive Derelict 20394 | -8/Garrison | Entered Materials 20394 | -8/Materials | Accompanied by 2 allies 21010 | -8/Materials | Build established: Gunner 22068 | -8/Materials | Garrison activated, responded to threat 22193 | -8/Materials | Identified exit to Garrison 22414 | -8/Materials | Entered Garrison 22464 | -8/Garrison | Expanded RIF knowledge: Structural Interface 22482 | -8/Garrison | Triggered checkpoint 22716 | -8/Garrison | Triggered checkpoint 22784 | -8/Garrison | Triggered checkpoint 23105 | -8/Garrison | Discovered new exit (range 11) 23106 | -8/Garrison | Triggered checkpoint 23146 | -8/Garrison | Triggered checkpoint 23198 | -8/Garrison | Learned Factory security intel 23501 | -8/Garrison | Triggered checkpoint 23543 | -8/Garrison | Core integrity fell below 50% 23546 | -8/Garrison | Triggered checkpoint 23568 | -8/Garrison | Lost 3 allies 23636 | -8/Garrison | Triggered checkpoint 23927 | -8/Garrison | Discovered new exit (range 10) 23948 | -8/Garrison | Triggered checkpoint 24340 | -8/Garrison | Triggered checkpoint 24483 | -8/Garrison | Discovered new exit (range 10) 24719 | -8/Garrison | Entered Factory 24719 | -7/Factory | Accompanied by 2 allies 24719 | -7/Factory | Evolved 2 slots: Propulsion x2 24778 | -7/Factory | DAS Turret deployed 24839 | -7/Factory | Discovered new exit (range 14) 24904 | -7/Factory | Discovered new exit (range 13) 24934 | -7/Factory | Discovered new exit (range 12) 25025 | -7/Factory | Build established: Sprinter 25490 | -7/Factory | Activated Chronowheel 25490 | -7/Factory | Spacetime reconverged on an earlier point 25519 | -7/Factory | First assault squad dispatched 25540 | -7/Factory | Manually triggered Chute Trap 25540 | -7/Factory | Sucked down chute 25540 | -7/Factory | Entered Waste 25545 | -7/Waste | 1 allies followed down the chute 25547 | -7/Waste | Spotted C-40 Crusher 25551 | -7/Waste | Spotted C-40 Crusher 25564 | -7/Waste | Spotted C-40 Crusher 25564 | -7/Waste | Spotted C-40 Crusher 25565 | -7/Waste | Spotted C-40 Crusher 25576 | -7/Waste | Spotted C-40 Crusher 25589 | -7/Waste | Discovered new exit (range 13) 25752 | -7/Waste | Destroyed C-40 Crusher 25763 | -7/Waste | Destroyed C-40 Crusher 25925 | -7/Waste | Build established: Gunner 25997 | -7/Waste | Destroyed C-40 Crusher 26048 | -7/Waste | Destroyed C-40 Crusher 26135 | -7/Waste | Destroyed C-40 Crusher 26141 | -7/Waste | Destroyed C-40 Crusher 26181 | -7/Waste | Entered Factory 26379 | -7/Factory | Build established: Sprinter 26470 | -7/Factory | Identified exit to Garrison 26508 | -7/Factory | Discovered new exit (range 5) 26881 | -7/Factory | Lost 3 parts (3n) 27264 | -7/Factory | Core integrity fell below 50% 27265 | -7/Factory | Self-destructed Last Messages --------------- 27162_ R-06 Scavenger collects Wheel. 27166_ System corrupted: Heat flow error (+209). 27168_ R-06 Scavenger collects Med. Matter Pod. 27190_ OMXN NK FVDVHYDMJKGBRWWJ,GXIRQ 27205_ System corrupted: Mni. Assault Cannon rejected. 27205_ Acquired Mni. Assault Cannon. 27221_ System corrupted: Matter fused (-8). 27227_ Connecting with Terminal... 27237_ ALERT: Cargo convoy en route, clear transfer corridor. 27249_ G-47 Trooper destroyed. 27251_ The unstable cave ceiling collapses. 27251_ G-47 Trooper destroyed. 27255_ Destroyed Lgt. Nuclear Core. 27257_ G-47 Trooper destroyed. 27259_ Xenon Bombardment Thruster destroyed. 27260_ Dropped Hvy. Missile Launcher. 27260_ Dropped Spear. 27261_ Imp. VTOL Module destroyed. 27261_ Dropped Ion Engine. 27263_ Imp. VTOL Module destroyed. Map ----- +----------------------------------------------------+ | ?????????????????????????????????????????????????? | | ?????????????????????????????????????????????????? | | ?????????????????????????????????????????????????? | | ?????????????????????????????????????????????????? | | ?????????????????????????????????????????????????? | | ?????????????????????????????????????????????????? | | ?????????????????????????????????????????????????? | | ?????????????????????????????????????????????????? | | ?????????????????????????????????????????????????? | | #????????????????????????????????????????????????? | | ######???????????????????????????????????????????? | | #??????????#????##????###???????????????????? | | ##### #????#!??? ???? #???????????????????? | | +????# ???" "?? #???????????????????? | | #??????????# "?" ""? #???????????????????? | | #??????????# """ """ #???????????????????? | | #??????????# "" "" #???????????????????? | | % #???""""???# "" "" #???????????????????? | | #???""""???# #???????????????????? | | +??""""????# #???????????????????? | | %#? ??????# #???????????????????? | | # ???????? #???????????????????? | | # ??????????? ?????????????????????? | | ##???????? ????? ???????????????????????? | | ####### = ###+##########???????????????? | | % g@ * #???????????????? | | % / #???????????????? | | " """ ] #############???? | | T """ # #???? | | " """ g %% # #???? | | # # T###### # """" """" #???? | | """ """ # ?####????# # """" """" #???? | | """ """ ## ??????????# # """" """" #???? | | """ """ ###????????????# # """ """" #???? | | ##############?# + #???? | | """ """ # #?# # #???? | | """ """ # ! ""#?# # #???? | | """ """ # = F"#?####### #???? | | # "" "" "#???????# """ """ #???? | | / ! # "" "" ""#???????# """S""" #???? | | //! # """ """ #???????# #???? | | /! / """ """ #???????#############???? | | # """ """ #???????????????????????? | | # #???????????????????????? | | ####### # #???????????????????????? | | # # #???????????????????????? | | # # #???????????????????????? | | # ##############???????????????????????? | | # ##???????????????????????????????????? | | # ##########???????????????????????????? | +----------------------------------------------------+ Best States ------------- Heat Dissipation 50 Coolant Potential 65 Energy Generation 18 Energy Capacity 290 Matter Stores 300 Matter Capacity 300 Sight Range 22 Robot Scan Range 15 Terrain Scan Density 10 Cloak Strength 5 Armor Coverage 225 Core Shielding 30 Weapon Cycling 25 Evasion (%) 65 Targeting Accuracy 12 Core Analysis 8 Recoil Reduction 3 Offensive Hacking 14 Relay Coupler Types 1 Relay Coupler Value 37 Authchip Count 1 Item Schematics ----------------- Arm. Wheel | -9/Materials | Scanalyzed Mak. Hammer | -9/Materials | Scanalyzed Lgt. Treads | -9/Materials | Hacked Lgt. Assault Rifle | -9/Materials | Hacked Utility Shielding | -9/Mines | Hacked Adv. Weapon Cycler | -8/Materials | Scanalyzed Cesium-ion Thruster | -8/Materials | Scanalyzed Exp. Core Analyzer | -8/Materials | Scanalyzed Adv. Heat Sink | -8/Materials | Scanalyzed Adv. Component Analysis Suite | -7/Factory | Scanalyzed Imp. VTOL Module | -7/Factory | Hacked Mni. Assault Cannon | -7/Factory | Scanalyzed Lgt. Fission Core | -7/Factory | Scanalyzed Robot Schematics ------------------ M-13 Machinist | -10/Materials | Hacked Fabricated ------------ Nothing Repaired ---------- Lgt. Treads | 10% | -10/Materials Mak. Hammer | 99% | -9/Materials | Broken Hvy. Assault Rifle | 26% | -9/Materials Hvy. Assault Rifle | 26% | -9/Materials Alien Tech Used ----------------- None Achievements -------------- None Challenges ------------ None Game ------ Seed ClaymoresDiametricHammer Manual? 0 Play Time 02:33:27 Cumulative 1048.2 hours Start 2025.07.12 @ 15:10:54 End 2025.07.12 @ 18:25:00 Sessions 1 Manual Loads 0 Difficulty Rogue Special Mode None Game No. 525 Rogue 525 Adventurer 0 Explorer 0 Win Type - Total 23 Types 10/4/3/0/1/1/2/2/0/0 Lore% 89 Gallery% 89 Achievement% 83 Wizard Run 0 Options --------- Layout 0 ASCII 0 Keyboard 0 Movement Numpad Keybinds 0 Fullscreen 2 Font 24/Smallcaps Map View 76x50 Zoom Use 0% Tactical HUD 1 Map Filters NONE Filters SHIFT_HUE(315) Steam 1 RUN: d1e42547-5b39-44c7-8d7b-efed5281bb16